 Dungeon Crawl Stone Soup version 0.28.0-43-g3370ac3207 (webtiles) character file.

Game seed: 2362695896171334490

21595 mortz the Eclecticist (level 12, -1/61 HPs)
             Began as a Deep Elf Fire Elementalist on Mar 31, 2022.
             Was a Priest of Sif Muna.
             Killed from afar by a bog body (23 damage)
             ... with a bolt of cold
             ... on level 2 of the Lair of Beasts.
             The game lasted 01:31:47 (14550 turns).

mortz the Eclecticist (Deep Elf Fire Elementalist) Turns: 14550, Time: 01:31:47

Health: -1/61      AC: 11    Str:  7    XL:     12   Next: 55%
Magic:  51/51      EV: 13    Int: 24    God:    Sif Muna [***...]
Gold:   639        SH:  5    Dex: 15    Spells: 29/41 levels left

rFire   + . .      SeeInvis .   o - +8 falchion "Q" {vorpal, rElec rF+ rN+, long}
rCold   . . .      Faith    .   (no shield)
rNeg    + . .      Spirit   .   h - +0 troll leather armour
rPois   .          Reflect  +   d - +2 helmet
rElec   +          Harm     .   (no cloak)
rCorr   .          Rampage  ∞   (no gloves)
Will    +....                   a - +3 pair of seven-league boots {Rampage+∞}
Stlth   +++.......              u - amulet of reflection
HPRegen 1.00/turn               k - ring of magical power
MPRegen 0.32/turn               G - ring of magical power

@: mighty, slowed, very slow
A: no striking features
a: Renounce Religion, Channel Magic, Forget Spell


You were on level 2 of the Lair of Beasts.
You worshipped Sif Muna.
Sif Muna was most pleased with you.
You visited 3 branches of the dungeon, and saw 14 of its levels.

You collected 723 gold pieces.
You spent 84 gold pieces at shops.


   Skills:
 + Level 1.6 Fighting
 + Level 0.3 Long Blades
 + Level 0.6(1.0) Axes
 + Level 0.9(1.0) Maces & Flails
 + Level 2.7 Slings
 + Level 3.3 Armour
 + Level 4.9 Dodging
 + Level 4.6 Stealth
 + Level 1.0 Shields
 + Level 15.0 Spellcasting
 + Level 10.3 Conjurations
 + Level 4.0 Transmutations
 + Level 11.0 Fire Magic
 + Level 6.0 Earth Magic
 * Level 5.5 Invocations


You had 29 spell levels left.
You knew the following spells:

 Your Spells              Type           Power      Damage    Failure   Level
a - Foxfire               Conj/Fire      100%       2x1d9     1%          1
b - Scorch                Fire           100%       2d10      1%          2
c - Flame Wave            Conj/Fire      62%        2d12      1%          4
d - Stone Arrow           Conj/Erth      100%       3d13      1%          3
e - Passwall              Tmut/Erth      35%        N/A       1%          2

Your spell library contained the following spells:

 Spells                   Type           Power      Damage    Failure   Level
 Sandblast                Erth           94%        2d19      1%          1
 Conjure Flame            Conj/Fire      62%        6-21      1%          3
 Dazzling Flash           Conj/Hex       84%        N/A       1%          3
 Inner Flame              Hex/Fire       44%        N/A       1%          3
 Pain                     Necr           72%        1d7       4%          1
 Summon Small Mammal      Summ           72%        N/A       4%          1
 Call Canine Familiar     Summ           18%        N/A       14%         3
 Summon Guardian Golem    Hex/Summ       18%        N/A       14%         3
 Summon Ice Beast         Ice/Summ       18%        N/A       41%         4
 Agony                    Necr           18%        N/A       77%         5
 Excruciating Wounds      Necr           9%         N/A       77%         5
 Silence                  Hex/Air        9%         N/A       77%         5
 Summon Mana Viper        Hex/Summ       18%        N/A       77%         5
 Monstrous Menagerie      Summ           9%         N/A       100%        7

Inventory:

Hand Weapons
 m - a +1 flail of protection {mace}
   (You took it off an orc on level 7 of the Dungeon)
 o - the +8 falchion "Q" (weapon) {vorpal, rElec rF+ rN+, long}
   (You found it on level 1 of the Lair of Beasts)

   It inflicts extra damage upon your enemies.
   rF:        It protects you from fire.
   rElec:     It insulates you from electricity.
   rN:        It protects you from negative energy.
 C - a +4 spear {polearm}
   (You took it off a wight on level 8 of the Dungeon)
 H - a +3 hand axe of electrocution {axe}
   (You took it off an orc on level 5 of the Dungeon)
Missiles
 c - 315 stones {throwing}
 e - 27 poisoned darts {throwing}
Armour
 a - the +3 pair of seven-league boots (worn) {Rampage+∞}
   (You acquired it on level 6 of the Dungeon)

   Its wearer moves as far as possible in that direction when moving towards
   enemies.
 d - a +2 helmet (worn)
   (You found it on level 1 of the Dungeon)
 h - a +0 troll leather armour (worn)
   (You found it on level 11 of the Dungeon)
 v - the +1 leather armour "Mene" {rElec Int+4}
   (You found it on level 4 of the Dungeon)

   Int:       It affects your intelligence (+4).
   rElec:     It insulates you from electricity.
Magical Staves
 B - a staff of death {!astaff}
   (You found it on level 5 of the Dungeon)
 J - a staff of air {!astaff}
   (You found it on level 8 of the Dungeon)
 V - a staff of poison {!astaff}
   (You took it off a centaur on level 10 of the Dungeon)
Jewellery
 k - a ring of magical power (left hand)
   (You found it on level 2 of the Dungeon)
 q - a ring of ice
   (You found it on level 4 of the Dungeon)
 u - an amulet of reflection (around neck)
   (You found it on level 4 of the Dungeon)
 A - a ring of positive energy
   (You found it on level 5 of the Dungeon)
 F - a ring of ice
   (You found it on level 5 of the Dungeon)
 G - a ring of magical power (right hand)
   (You found it on level 5 of the Dungeon)
 S - a +6 ring of intelligence
   (You found it on level 9 of the Dungeon)
Wands
 n - a wand of digging (8)
   (You found it on level 1 of the Lair of Beasts)
 z - a wand of iceblast (3)
   (You found it on level 4 of the Dungeon)
 E - a wand of flame (15)
   (You found it on level 8 of the Dungeon)
 N - a wand of paralysis (11)
   (You found it on level 8 of the Dungeon)
 P - a wand of polymorph (3)
   (You found it on level 9 of the Dungeon)
 W - a wand of charming (3)
   (You found it on level 10 of the Dungeon)
Scrolls
 g - a scroll of holy word
 i - 2 scrolls of identify {@r1}
 j - a scroll of blinking {unknown}
 w - 3 scrolls of enchant weapon
 y - a scroll of silence {unknown}
 L - a scroll of amnesia {unknown}
 O - 3 scrolls of teleportation {@r4}
 Q - 2 scrolls of magic mapping {!r}
 R - a scroll of fear
 T - a scroll of immolation {unknown}
 Y - a scroll of brand weapon {unknown}
Potions
 b - a potion of haste {@q3}
 f - 4 potions of lignification {!q}
 l - a potion of curing {@q1}
 p - a potion of mutation {!q}
 r - a potion of invisibility
 t - 2 potions of berserk rage {!q}
 I - a potion of attraction {!q}
 M - 2 potions of ambrosia
 U - a potion of might
 Z - a potion of flight
Miscellaneous
 s - a lightning rod (4/4)
   (You found it on level 2 of the Lair of Beasts)

Dungeon Overview and Level Annotations

Branches:
Dungeon (11/15)            Temple (1/1) D:6            Lair (2/6) D:11
  Swamp (0/4) Lair:2        Snake (0/4) Lair:2          Orc (0/2) D:10

Altars:
Ashenzari
Cheibriados
Dithmenos
Elyvilon
Fedhas
Gozag
Hepliaklqana
Kikubaaqudgha
Makhleb
Nemelex Xobeh
Okawaru
Qazlal
Ru
Sif Muna
Trog
Uskayaw
Vehumet
Wu Jian
Xom
Yredelemnul
Zin
The Shining One

Shops:
D:2 !   D:3 (   D:10 (

Portals:
Trove: D:10 (give +3 shadow dragon scales)

### #.## ##### ##########.#### ##
#####.#.###.##P......#..#####.###
#.......##.#.....................
.......†..........†........<.....
........>........................
##..#.####......@n...........#..#
#.##..## #...#.............### ##
.......# #...##.............
.......####.###....##.......
.............#.P....#.......
....................#.......
.............###............
.......P#....##.##.P..§§§§.
..............## #..§♣§§


You could see a bog body.


Message History

Casting: Foxfire (safe; 1% risk of failure)
Confirm with . or Enter, or press ? or * to list all spells.
Aiming: Stone Arrow (safe; 1% risk of failure)
Press: ? - help, Shift-Dir - straight line, f - bog body
Aim: a bog body (lightly damaged, ally target, 81% to hit)
The stone arrow misses the bog body.
The foxfire hits the bog body.
The bog body resists.
The foxfire hits the bog body.
The bog body resists. 😮 HP[+1] MP[-3]
You lost 3 mp, and now have 45/51 mp.
Casting: Stone Arrow (safe; 1% risk of failure)
Confirm with . or Enter, or press ? or * to list all spells.
Aiming: Stone Arrow (safe; 1% risk of failure)
Press: ? - help, Shift-Dir - straight line, f/p - bog body
Aim: a bog body (lightly damaged, 81% to hit)
The stone arrow hits the bog body!! 😮 HP[+1] MP[-2]
You lost 2 mp, and now have 43/51 mp.
Casting: Stone Arrow (safe; 1% risk of failure)
Confirm with . or Enter, or press ? or * to list all spells.
Aiming: Stone Arrow (safe; 1% risk of failure)
Press: ? - help, Shift-Dir - straight line, f/p - bog body
Aim: a bog body (almost destroyed, 81% to hit)
The stone arrow misses the bog body.
The bog body points at you and mumbles some strange words.
You feel yourself slow down. 😮 HP[+1] MP[-3]
You lost 3 mp, and now have 40/51 mp.
Casting: Stone Arrow (safe; 1% risk of failure)
Confirm with . or Enter, or press ? or * to list all spells.
Aiming: Stone Arrow (safe; 1% risk of failure)
Press: ? - help, Shift-Dir - straight line, f/p - bog body
Aim: a bog body (almost destroyed, 81% to hit)
The stone arrow misses the bog body.
The bog body casts a spell at you. The bolt of cold hits you!!
* * * LOW HITPOINT WARNING * * *
😱 HP[-22] MP[-2]
You take 22 damage, and now have 13/61 hp.
MASSIVE DAMAGE!! (PAUSE)
You lost 2 mp, and now have 38/51 mp.
Casting: Stone Arrow (safe; 1% risk of failure)
Confirm with . or Enter, or press ? or * to list all spells.
Aiming: Stone Arrow (safe; 1% risk of failure)
Press: ? - help, Shift-Dir - straight line, f/p - bog body
Aim: a bog body (almost destroyed, 81% to hit)
The stone arrow hits the bog body!!
You destroy the bog body!
Sif Muna accepts your kill.
Your Shields skill increases to level 1! 😱 HP[+1] MP[-3]
You lost 3 mp, and now have 35/51 mp.
You start resting.
A bog body comes into view. 😕 HP[+39] MP[+12]
You regained 39 hp, and now have 53/61 hp.
You regained 12 mp, and now have 47/51 mp. 😕 HP[+2] MP[+1]
You regained 2 hp, and now have 55/61 hp. 😕 HP[+1] 😕 HP[+2] MP[+1]
You regained 2 hp, and now have 58/61 hp. 😕 HP[+1]
The bog body casts a spell at you. The bolt of cold hits you!!
Ouch! That really hurt!
* * * LOW HITPOINT WARNING * * *
😨 HP[-33] MP[+1]
You take 33 damage, and now have 26/61 hp.
MASSIVE DAMAGE!! (PAUSE)
Casting: Stone Arrow (safe; 1% risk of failure)
Confirm with . or Enter, or press ? or * to list all spells.
You can't see any susceptible monsters within range! (Use Z to cast anyway.) Unknown command.
Okay, then.
You feel very mighty all of a sudden. 😨 HP[+1]
You stride towards the bog body!
You slash the bog body! The bog body casts a spell at you.
The bolt of cold hits you!
* * * LOW HITPOINT WARNING * * *
The bog body touches you but does no damage. 😨 HP[-11] MP[+1]
You take 11 damage, and now have 16/61 hp.
Your mp is fully restored (51).
You closely miss the bog body.
The bog body gestures at you while chanting.
You resist with some effort.
The bog body touches you but does no damage. 😨 HP[+2]
You regained 2 hp, and now have 18/61 hp.
You barely miss the bog body. You block the bog body's attack.
The bog body misses you. 😨 HP[+2]
You regained 2 hp, and now have 20/61 hp.
You closely miss the bog body. The bog body casts a spell at you.
You feel as though you will be slow longer.
The bog body gestures at you while chanting.
The bolt of cold hits you!!
You die...

Skill      XL: |  1  2  3  4  5  6  7  8  9 10 11 12 |
---------------+-------------------------------------+-----
Fire Magic     | 4 5 6 7 9 10 11 | 11.0
Spellcasting   | 5 6 8 9 10 12 14 15 | 15.0
Dodging        | 3 4 |  4.9
Conjurations   | 2 3 5 7 9 10 | 10.3
Stealth        | 3 4 |  4.6
Armour         | 1 2 3 |  3.3
Slings         | 1 2 |  2.7
Fighting       | 1 |  1.6
Earth Magic    | 1 3 5 6 |  6.0
Transmutations | 4 |  4.0
Invocations    | 4 5 |  5.5
Shields        | 1 |  1.0
Long Blades    | |  0.3
Axes           | |  0.6
Maces & Flails | |  0.9

Action                   |  1- 3 |  4- 6 |  7- 9 | 10-12 || total
-------------------------+-------+-------+-------+-------++-------
Melee: Flail             |    14 |    12 |     2 |       ||    28
       Hand axe          |       |       |     7 |     4 ||    11
       Falchion          |       |       |       |    11 ||    11
 Fire: Hunting sling     |       |     4 |    23 |       ||    27
 Cast: Foxfire           |    74 |    49 |   159 |   146 ||   428
       Scorch            |     1 |     4 |    40 |    17 ||    62
       Stone Arrow       |       |       |     3 |   120 ||   123
       Flame Wave        |       |       |       |    26 ||    26
  Use: Scroll            |       |       |    13 |     3 ||    16
       Potion            |       |       |       |     1 ||     1
Armor: Robe              |     8 |       |       |       ||     8
       Leather armour    |       |     4 |    13 |    22 ||    39
       Troll leather arm |       |       |       |    16 ||    16
Dodge: Dodged            |    11 |    10 |    23 |    61 ||   105
Block: Other             |       |       |     9 |    27 ||    36

Levels and vault maps discovered:
D:1:      tarquinn_simple_flora_water_d, layout_basic,
          chequers_serial_rivers_small_3
D:2:      layout_basic, serial_shops, shop, dilly_ecumenical_altar_fadedgnrine,
          hangedman_glass_teeth, cheibrodos_gnoll_hut
D:3:      layout_loops_cross, old_standard_altar, serial_shops,
          nicolae_diamond_shop, uniq_grinder
D:4:      layout_basic, mainiacjoe_overflow_24_doors,
          mainiacjoe_overflow_divided_tiny, grunt_dithmenos_smoke_and_mirrors
D:5:      layout_basic, general_overflow_altar, chequers_garden,
          chequers_serial_rivers_marsh, corner_web_ring, uniq_menkaure,
          uniq_sigmund
D:6:      layout_gridville, minmay_temple_entry_stoned_glass, uniq_pikel
D:7:      layout_loops_ring, hangedman_decor_opposing, minmay_stone_trees_large
D:8:      layout_rooms, hangedman_ru_absence
D:9:      layout_roguey
D:10:     layout_small_grid, david_orc_2, trove_entry_hex_spiral,
          minmay_misc_feat_rugged, nicolae_shop_firing_range, uniq_harold
D:11:     layout_basic, erik_lair_island, uniq_josephine, uniq_gastronok
Temple:   nicolae_temple_no_exploring_needed
Lair:1:   layout_cave_pods, grunt_megastairs_5
Lair:2:   layout_gridlike, skrybe_swamp_entry_bodies, dummy_snake_entry

Notes
Turn   | Place    | Note
-------+----------+-------------------------------------------
     0 | D:1      | mortz the Deep Elf Fire Elementalist began the quest for
                  | the Orb.
     0 | D:1      | Reached XP level 1. HP: 10/10 MP: 6/6
     0 | D:1      | magus.rc [v1.9.6]
   227 | D:1      | Reached XP level 2. HP: 15/15 MP: 6/8
   636 | D:1      | Learned a level 2 spell: Scorch
  1318 | D:2      | Reached XP level 3. HP: 19/19 MP: 4/9
  1550 | D:2      | Found Obopalai's Distillery.
  1557 | D:2      | Bought a potion of lignification for 36 gold pieces
  1557 | D:2      | Bought a potion of degeneration for 12 gold pieces
  1557 | D:2      | Bought a potion of curing for 36 gold pieces
  1671 | D:2      | Reached skill level 4 in Fire Magic
  2066 | D:2      | Reached skill level 4 in Spellcasting
  2160 | D:2      | Found a faded altar of an unknown god.
  2375 | D:3      | Noticed Grinder
  2421 | D:3      | Killed Grinder
  2422 | D:3      | Reached skill level 3 in Dodging
  2422 | D:3      | Reached skill level 5 in Spellcasting
  2422 | D:3      | Reached skill level 2 in Conjurations
  2422 | D:3      | Reached XP level 4. HP: 23/24 MP: 12/13
  2422 | D:3      | Reached XP level 5. HP: 27/28 MP: 12/14
  2486 | D:3      | Found a glowing silver altar of Zin.
  2581 | D:3      | Found Xoox's Weapon Emporium.
  2822 | D:3      | Reached XP level 6. HP: 31/32 MP: 16/16
  3185 | D:3      | Learned a level 4 spell: Flame Wave
  3262 | D:4      | Reached skill level 5 in Fire Magic
  3295 | D:4      | Identified the +1 leather armour "Mene" {rElec Int+4}
  3399 | D:4      | Found a shadowy altar of Dithmenos.
  3411 | D:4      | Reached skill level 3 in Stealth
  3411 | D:4      | Reached skill level 3 in Conjurations
  3448 | D:4      | You pick up a book of Geomancy and begin reading...
  3448 | D:4      | You add the spells Sandblast, Passwall and Stone Arrow to
                  | your library.
  3469 | D:4      | Reached skill level 6 in Spellcasting
  3500 | D:4      | Identified the +6 hunting sling "Hell-Harrower" {venom,
                  | +Blink Str+2}
  3631 | D:4      | You pick up a book of Beasts and begin reading...
  3631 | D:4      | You add the spells Summon Ice Beast, Summon Mana Viper and
                  | Monstrous Menagerie to your library.
  3671 | D:4      | Found a hide-covered altar of Uskayaw.
  3671 | D:4      | Found a sparkling altar of Nemelex Xobeh.
  3956 | D:4      | Found a broken altar of Ashenzari.
  4111 | D:5      | Entered Level 5 of the Dungeon
  4116 | D:5      | Reached XP level 7. HP: 36/36 MP: 19/19
  4241 | D:5      | Reached skill level 7 in Spellcasting
  4295 | D:5      | Found an iron altar of Okawaru.
  4358 | D:5      | Noticed Menkaure
  4367 | D:5      | Killed Menkaure
  4368 | D:5      | Reached skill level 1 in Armour
  4433 | D:5      | Reached skill level 1 in Slings
  4433 | D:5      | Reached skill level 8 in Spellcasting
  4433 | D:5      | Reached skill level 6 in Fire Magic
  4433 | D:5      | Reached XP level 8. HP: 29/42 MP: 16/22
  4450 | D:5      | Reached skill level 2 in Slings
  4962 | D:5      | Noticed Sigmund
  4967 | D:5      | Killed Sigmund
  4968 | D:5      | Reached skill level 1 in Fighting
  4968 | D:5      | Reached skill level 4 in Conjurations
  5182 | D:6      | Reached skill level 7 in Fire Magic
  5263 | D:6      | Reached skill level 5 in Conjurations
  5294 | D:6      | Reached skill level 9 in Spellcasting
  5398 | D:6      | Reached XP level 9. HP: 47/47 MP: 24/24
  5580 | D:6      | Found a staircase to the Ecumenical Temple.
  5590 | Temple   | Entered the Ecumenical Temple
  5598 | Temple   | Became a worshipper of Sif Muna the Loreminder
  5645 | D:6      | Noticed Pikel
  5653 | D:6      | Killed Pikel
  5654 | D:6      | Reached skill level 6 in Conjurations
  5736 | D:6      | Reached skill level 8 in Fire Magic
  6129 | D:6      | You pick up a book of Pain and begin reading...
  6129 | D:6      | You add the spells Pain, Agony and Excruciating Wounds to
                  | your library.
  6148 | D:6      | Reached skill level 10 in Spellcasting
  6413 | D:6      | Identified a scroll of acquirement
  6413 | D:6      | Acquired the +3 pair of seven-league boots {Rampage+∞}
  6413 | D:6      | Found the +3 pair of seven-league boots {Rampage+∞}
  6624 | D:6      | magus.rc [v1.9.6]
  6651 | D:7      | Reached skill level 7 in Conjurations
  6672 | D:7      | Noticed a troll
  6677 | D:7      | Killed a troll
  7069 | D:6      | magus.rc [v1.9.6]
  7174 | D:7      | Reached skill level 9 in Fire Magic
  7781 | D:8      | Learned a level 3 spell: Stone Arrow
  7784 | D:8      | Learned a level 2 spell: Passwall
  7986 | D:8      | Reached skill level 1 in Earth Magic
  7986 | D:8      | Reached XP level 10. HP: 19/52 MP: 26/26
  8244 | D:8      | Found a sacrificial altar of Ru.
  8322 | D:8      | Reached skill level 1 in Transmutations
  8326 | D:8      | Reached skill level 2 in Earth Magic
  8331 | D:8      | Reached skill level 11 in Spellcasting
  8493 | D:8      | Reached skill level 2 in Armour
  8498 | D:8      | Reached skill level 2 in Transmutations
  9060 | D:9      | Reached skill level 4 in Dodging
  9141 | D:9      | Reached * piety under Sif Muna
  9301 | D:9      | You pick up a book of Callings and begin reading...
  9301 | D:9      | You add the spells Summon Small Mammal, Call Canine
                  | Familiar and Summon Guardian Golem to your library.
  9485 | D:10     | Entered Level 10 of the Dungeon
  9491 | D:10     | Noticed a two-headed ogre
  9504 | D:10     | Killed a two-headed ogre
  9583 | D:10     | Noticed a two-headed ogre
  9750 | D:10     | Found a staircase to the Orcish Mines.
  9758 | D:10     | Reached skill level 3 in Earth Magic
  9759 | D:10     | Reached skill level 3 in Transmutations
  9920 | D:10     | Reached skill level 4 in Stealth
  9924 | D:10     | Reached skill level 12 in Spellcasting
 10290 | D:10     | Noticed Harold
 10302 | D:10     | Killed Harold
 10303 | D:10     | Reached skill level 4 in Transmutations
 10407 | D:10     | Reached XP level 11. HP: 56/56 MP: 29/29
 10415 | D:10     | Reached skill level 10 in Fire Magic
 10415 | D:10     | Reached skill level 4 in Earth Magic
 10513 | D:10     | Killed a two-headed ogre
 10514 | D:10     | Reached skill level 1 in Invocations
 10572 | D:10     | Found Jianas's Firing Range.
 10857 | D:10     | Found a portal to a secret trove of treasure.
 10860 | D:10     | This trove needs +3 shadow dragon scales to function. Give
                  | it the item?
 10982 | D:11     | Reached skill level 13 in Spellcasting
 10990 | D:11     | Reached skill level 8 in Conjurations
 10998 | D:11     | Reached skill level 2 in Invocations
 11475 | D:11     | Noticed Gastronok
 11481 | D:11     | Found a staircase to the Lair.
 11505 | D:11     | Noticed Josephine
 11542 | D:11     | Reached ** piety under Sif Muna
 11724 | D:11     | Killed Josephine
 11725 | D:11     | Reached skill level 3 in Invocations
 11927 | D:11     | magus.rc [v1.9.6]
 12404 | D:11     | Killed Gastronok
 12405 | D:11     | Reached skill level 9 in Conjurations
 12856 | Lair:1   | Entered Level 1 of the Lair of Beasts
 12876 | Lair:1   | Reached skill level 4 in Invocations
 12946 | Lair:1   | Reached skill level 14 in Spellcasting
 13062 | Lair:1   | Reached skill level 5 in Earth Magic
 13218 | Lair:1   | Noticed a six-headed hydra
 13225 | Lair:1   | Killed a six-headed hydra
 13226 | Lair:1   | Reached XP level 12. HP: 61/61 MP: 32/32
 13503 | Lair:1   | Identified the +8 falchion "Q" {vorpal, rElec rF+ rN+}
 13728 | Lair:1   | You pick up a book of the Senses and begin reading...
 13728 | Lair:1   | You add the spells Dazzling Flash and Silence to your
                  | library.
 13852 | Lair:2   | Reached skill level 3 in Armour
 14038 | Lair:2   | Reached skill level 10 in Conjurations
 14042 | Lair:2   | Reached *** piety under Sif Muna
 14156 | Lair:2   | Found a staircase to the Snake Pit.
 14192 | Lair:2   | Reached skill level 11 in Fire Magic
 14213 | Lair:2   | Reached skill level 5 in Invocations
 14439 | Lair:2   | Reached skill level 15 in Spellcasting
 14439 | Lair:2   | Reached skill level 6 in Earth Magic
 14493 | Lair:2   | Found a staircase to the Swamp.
 14513 | Lair:2   | HP: 13/61 [bog body/bolt of cold (24)]
 14515 | Lair:2   | Reached skill level 1 in Shields
 14550 | Lair:2   | Killed from afar by a bog body

Vanquished Creatures
  Gastronok (D:11)
  Josephine (D:11)
  Harold (D:10)
  A hydra (Lair:1)
  2 two-headed ogres (D:10)
  Pikel (D:6)
  A bog body (Lair:2)
  4 centaur zombies
  A cyclops (D:11)
  3 black mambas
  A torpor snail (Lair:2)
  2 cane toads (Lair:2)
  4 komodo dragons
  An unseen horror (D:11)
  3 trolls
  Grinder (D:3)
  A meliai zombie (D:11)
  A shadow (D:9)
  4 wyverns
  A basilisk (D:11)
  Sigmund (D:5)
  38 yaks
  6 wraiths (D:11)
  A steam dragon (D:8)
  Menkaure (D:5)
  4 water moccasins
  A hornet zombie (D:8)
  2 ice beasts (D:6)
  2 orc warriors
  A sky beast (D:6)
  2 necrophages
  2 ogres (D:6)
  A black bear (D:5)
  2 centaurs (D:10)
  5 wolves (D:11)
  4 lemures (D:6)
  A phantom (D:5)
  5 bullfrogs
  A scorpion (D:6)
  6 killer bees (D:9)
  9 wights
  4 electric eels (D:11)
  4 jellies
  A howler monkey (D:11)
  A bullfrog zombie (D:5)
  4 orc priests
  7 hounds
  A centaur skeleton (D:6)
  An iguana (D:5)
  3 orc wizards
  A killer bee zombie (D:7)
  A hound zombie (D:5)
  A gnoll (D:2)
  A howler monkey skeleton (D:5)
  6 adders
  A shadow imp (D:5)
  An ufetubus (D:7)
  2 worms
  5 dart slugs
  24 orcs
  7 endoplasms
  3 giant cockroaches
  7 goblins
  4 hobgoblins
  10 jackals
  A quokka (D:1)
  7 ball pythons
  7 bats
  3 kobolds
  9 rats
257 creatures vanquished.

Vanquished Creatures (collateral kills)
  3 foxfires
3 creatures vanquished.

Vanquished Creatures (others)
  752 foxfires
  2 fungi
  3 plants (Lair:2)
757 creatures vanquished.

Grand Total: 1017 creatures vanquished

Table legend:
 A = Non-vault XP
 B = Vault XP
 C = Vault XP percentage of total XP
 D = Non-vault monster count
 E = Vault monster count
 F = Vault count percentage of total count
                 A         B        C        D         E       F
            +---------+---------+-------+---------+---------+-------
      Total |   22911 |    7939 |  25.7 |     218 |      35 |  13.8
            +---------+---------+-------+---------+---------+-------
        D:1 |      36 |       0 |   0.0 |      25 |       0 |   0.0
        D:2 |      17 |      18 |  51.4 |       8 |       3 |  27.3
        D:3 |      64 |     267 |  80.7 |      24 |       1 |   4.0
        D:4 |     323 |       0 |   0.0 |      16 |       0 |   0.0
        D:5 |    1010 |     365 |  26.5 |      15 |       2 |  11.8
        D:6 |    1447 |     673 |  31.7 |      24 |       1 |   4.0
        D:7 |     847 |       0 |   0.0 |      15 |       0 |   0.0
        D:8 |    1493 |       0 |   0.0 |      12 |       0 |   0.0
        D:9 |     841 |       0 |   0.0 |       9 |       0 |   0.0
       D:10 |    3933 |     889 |  18.4 |      14 |       8 |  36.4
       D:11 |    3694 |    4247 |  53.5 |      21 |      15 |  41.7
     Lair:1 |    2655 |     831 |  23.8 |       9 |       4 |  30.8
     Lair:2 |    6551 |     649 |   9.0 |      26 |       1 |   3.7
            +---------+---------+-------+---------+---------+-------

Illustrated notes

Table legend:
 A = Kills in this place as a percentage of kills in entire the game.
 B = Kills by you in this place as a percentage of kills by you in the entire game.
 C = Kills by friends in this place as a percentage of kills by friends in the entire game.
 D = Other kills in this place as a percentage of other kills in the entire game.
 E = Experience gained in this place as a percentage of experience gained in the entire game.
 F = Experience gained in this place divided by the number of levels of this place that you have seen.
                   A       B       C       D       E      F
               +-------+-------+-------+-------+-------+----------------------
         Total | 100.0 | 100.0 |   N/A |   N/A | 100.0 | 2203.6
       Dungeon |  84.2 |  84.2 |   N/A |   N/A |  65.4 | 1833.1
          Lair |  15.8 |  15.8 |   N/A |   N/A |  34.6 | 5343.0
               +-------+-------+-------+-------+-------+----------------------

Table legend: (Time is in decaauts)
 A = Elapsed time spent in this place.
 B = Non-inter-level travel time spent in this place.
 C = Inter-level travel time spent in this place.
 D = Time resting spent in this place.
 E = Time spent auto-exploring this place.
 F = Levels seen in this place.
 G = Mean time per level.
                   A        B        C        D        E       F      G
               +--------+--------+--------+--------+--------+-----+--------+
         Total |  14608 |  14096 |    512 |   3030 |   8679 |  14 | 1043.4 |
       Dungeon |  12869 |  12408 |    461 |   2509 |   7847 |  11 | 1169.9 |
        Temple |     16 |      2 |     14 |      0 |      0 |   1 |   16.0 |
          Lair |   1722 |   1685 |     37 |    521 |    832 |   2 |  861.0 |
               +--------+--------+--------+--------+--------+-----+--------+

Top non-repeatable levels by time:
    D:11: 1841 daAuts
     D:6: 1581 daAuts
    D:10: 1372 daAuts
     D:1: 1273 daAuts
  Lair:1: 1122 daAuts
     D:7: 1082 daAuts
     D:5: 1061 daAuts
     D:3: 980 daAuts
     D:9: 950 daAuts
     D:2: 943 daAuts
     D:4: 925 daAuts
     D:8: 858 daAuts
  Lair:2: 600 daAuts
  Temple: 16 daAuts
